 Dungeon Crawl Stone Soup version 0.23.0-3-gf3c87f2 (console) character file.

Game seed: 8312025186984620286

42 Catiua the Cutter (level 3, -4/24 HPs)
             Began as a Halfling Warper on Feb 23, 2019.
             Killed from afar by Natasha (8 damage)
             ... with a magic dart
             ... on level 3 of the Dungeon.
             The game lasted 00:04:46 (1431 turns).

Catiua the Cutter (Halfling Warper)                 Turns: 1431, Time: 00:04:46

Health: -4/24      AC:  3    Str: 13    XL:     3   Next: 80%
Magic:  5/5        EV: 14    Int: 11    God:
Gold:   70         SH:  0    Dex: 13    Spells: 1/5 levels left

rFire    . . .     SeeInvis .   p - +1 hunting sling (velocity)
rCold    . . .     Gourm    .   (shield restricted)
rNeg     . . .     Faith    .   b - +0 leather armour
rPois    .         Spirit   .   (no helmet)
rElec    .         Reflect  .   (no cloak)
rCorr    .         Harm     .   (no gloves)
MR       .....                  (no boots)
Stlth    +.........             (no amulet)
HPRegen  0.08/turn              (no ring)
MPRegen  0.09/turn              (no ring)

@: slowed, very slow
A: small, mutation resistance 1
a: no special abilities


You were on level 3 of the Dungeon.
You were not hungry.

You visited 1 branch of the dungeon, and saw 3 of its levels.

You collected 70 gold pieces.

Inventory:

Hand Weapons
 a - a +0 short sword
 p - a +1 hunting sling of velocity (weapon)
Missiles
 c - 106 stones (quivered)
 e - 5 tomahawks of dispersal
Armour
 b - a +0 leather armour (worn)
Scrolls
 d - a scroll of blinking
 g - 5 scrolls of identify {unknown}
 h - 2 scrolls of amnesia {unknown}
 i - a scroll of fog {unknown}
 m - a scroll of enchant weapon {unknown}
 n - a scroll of fear {unknown}
 o - a scroll of teleportation {unknown}
Potions
 j - 4 potions of curing {unknown}
 k - a potion of brilliance {unknown}
 l - a potion of lignification {unknown}
Comestibles
 f - 3 rations


   Skills:
 - Level 1.7 Fighting
 + Level 4.2 Short Blades
 - Level 1.0 Throwing
 - Level 1.1 Armour
 - Level 2.1 Dodging
 - Level 1.5 Spellcasting
 + Level 3.7 Translocations


You had one spell level left.
You knew the following spells:

 Your Spells              Type           Power        Failure   Level  Hunger
a - Blink                 Tloc           N/A          13%         2    ###....
b - Shroud of Golubria    Chrm/Tloc      #.........   26%         2    ###....

Your spell library contained the following spells:

 Spells                   Type           Power        Failure   Level  Hunger
 Gell's Gravitas          Tloc           #.........   26%         3    ####...
 Lesser Beckoning         Tloc           #.........   26%         3    ####...
 Teleport Other           Tloc           #.......     26%         3    ####...
 Passage of Golubria      Tloc           N/A          63%         4    #####..


Dungeon Overview and Level Annotations

Branches:
Dungeon (3/15)

Altars:

Annotations:
D:2 Robin
D:3 Natasha


Innate Abilities, Weirdness & Mutations

You are small and have problems with some larger weapons.
You are somewhat resistant to further mutation.


Message History

* * * LOW HITPOINT WARNING * * *
The shadow imp barely misses you. Natasha misses you.
The shadow imp closely misses you.
Firing (i - inventory. (/) - cycle)
c - 107 stones (quivered)
Press: ? - help, Shift-Dir - straight line, f/p - Natasha
Aim: Natasha (almost dead, fast)
You shoot a stone.
The stone hits Natasha but does no damage.
Natasha is almost dead.
The shadow imp disappears in a puff of smoke!
Natasha mumbles some strange words.
Natasha misses you.
The shadow imp hits you but does no damage.
The shadow imp shouts, "Slither home, thou goatish guts-griping hugger-mugger!"
The shadow imp gestures at you. Pain shoots through your body!
* * * LOW HITPOINT WARNING * * *
Natasha stares at you and mumbles some strange words.
The magic dart hits you!
You die...

###### .# #....#
..# #....# ##
▓..##....# .#
▓..#....#########.#
▓.(....5h@5...<..#
▓▓▓....§###...####
▓.....).# #.......
▓..#....5# ########
#..........
+....<.....
#.....##### #.....#
#####.#


You could see Natasha and 2 shadow imps.

Vanquished Creatures
  A worm (D:2)
  A dart slug (D:1)
  2 leopard geckos
  6 bats
  4 giant cockroaches (D:1)
  10 goblins
  3 hobgoblins
  2 kobolds (D:1)
  3 rats (D:1)
32 creatures vanquished.

Notes
Turn   | Place    | Note
-------+----------+-------------------------------------------
     0 | D:1      | Catiua the Halfling Warper began the quest for the Orb.
     0 | D:1      | Reached XP level 1. HP: 14/14 MP: 3/3
    34 | D:1      | Reached skill level 3 in Short Blades
    96 | D:1      | Reached XP level 2. HP: 19/19 MP: 4/4
   100 | D:1      | Learned a level 2 spell: Blink
   103 | D:1      | Learned a level 2 spell: Shroud of Golubria
   715 | D:1      | Reached XP level 3. HP: 24/24 MP: 5/5
  1128 | D:2      | Reached skill level 4 in Short Blades
  1367 | D:2      | Noticed Robin
  1416 | D:3      | Noticed Natasha
  1431 | D:3      | Killed from afar by Natasha

Skill      XL: |  1  2  3 |
---------------+----------+-----
Short Blades   | 3 4 |  4.2
Fighting       | |  1.7
Throwing       | |  1.0
Armour         | |  1.1
Dodging        | |  2.1
Spellcasting   | |  1.5
Translocations | |  3.7

Action                   || total
-------------------------++-------
Melee: Short sword       ||   138
 Fire: Hunting sling     ||     7
 Cast: Shroud of Golubri ||    11
       Blink             ||     1
  Eat: Chunk             ||     3
Armor: Leather armour    ||    34
Dodge: Dodged            ||   139
